 Dungeon Crawl Stone Soup version 0.17.1-3-g152610e (webtiles) character file.

2833 Urist the Covered (level 9, -4/79 HPs)
             Began as a Hill Orc Fighter on Apr 12, 2016.
             Was a Follower of Ashenzari.
             Slain by a troll (10 damage)
             ... on level 9 of the Dungeon.
             The game lasted 00:34:12 (7385 turns).

Urist the Covered (Hill Orc Fighter)                Turns: 7385, Time: 00:34:13

Health: -4/79      AC: 10    Str: 22    XL:     9   Next: 73%
Magic:  9/9        EV: 10    Int: 10    God:    Ashenzari [*.....]
Gold:   337        SH: 11    Dex: 10    Spells: 0 memorised, 8 levels left

rFire  + . .     SeeInvis .     a - +1 trident (curse)
rCold  . . .     Clarity  .     b - +0 scale mail (curse)
rNeg   . . .     SustAt   .     c - +0 shield (curse)
rPois  .         Gourm    .     (no helmet)
rElec  .         Spirit   .     (no cloak)
rCorr  .         Warding  .     k - +0 pair of gloves (curse)
rMut   .         Stasis   .     t - +0 pair of boots (curse)
MR     +....                    (no amulet)
Stlth  +.........               w - ring of stealth (curse)
                                u - ring of protection from fire (curse)

@: somewhat resistant to hostile enchantments, very unstealthy
A: clever 1, magic resistance 1, regeneration 1
a: Scrying, Renounce Religion


You were on level 9 of the Dungeon.
You worshipped Ashenzari.
Ashenzari was aware of your devotion.
You were full.

You visited 1 branch of the dungeon, and saw 9 of its levels.

You collected 337 gold pieces.

Inventory:

Hand Weapons
 a - a cursed +1 trident (weapon)
 o - a +1 falchion of flaming
Armour
 b - a cursed +0 scale mail (worn)
 c - a cursed +0 shield (worn)
 k - a cursed +0 pair of gloves (worn)
 t - a cursed +0 pair of boots (worn)
 x - a +0 troll leather armour
 y - a +0 cloak
Jewellery
 u - a cursed ring of protection from fire (left hand)
 w - a cursed ring of stealth (right hand)
 D - an uncursed amulet of stasis
Wands
 v - a wand of random effects (16)
 z - a wand of disintegration (12)
Scrolls
 m - a scroll of curse jewellery
 p - a scroll of curse weapon
 r - 2 scrolls of teleportation
 C - 2 scrolls of remove curse
Potions
 f - 2 potions of poison {unknown}
 h - a potion of haste
 j - a potion of degeneration
 l - a potion of curing
Books
 n - an Akashic Record

   Spells                             Type                      Level
   a - Dispersal                      Translocation                6
   b - Malign Gateway                 Summoning/Translocation      7
   c - Disjunction                    Translocation                8
   d - Controlled Blink               Translocation                8
Miscellaneous
 q - a plain deck of defence {drawn: 1}
Comestibles
 d - 2 beef jerkies
 e - 3 bread rations
 g - 3 fruits
 s - a royal jelly


   Skills:
 * Level 7.2 Fighting
 * Level 6.2 Polearms
 * Level 7.7 Armour
 * Level 4.8 Dodging
 + Level 0.6 Stealth
 * Level 7.4 Shields


You had 8 spell levels left.
You didn't know any spells.

Dungeon Overview and Level Annotations

Branches:
Dungeon (9/15)               Lair (0/8) D:8
 Temple: D:4-7          Orc: D:9-12

Altars:
Ashenzari
Kikubaaqudgha
Makhleb
Nemelex Xobeh
Qazlal
Sif Muna
Vehumet
Xom
Yredelemnul
Zin
The Shining One


Innate Abilities, Weirdness & Mutations

Your mind is acute. (Int +2)
You are resistant to hostile enchantments.
Your natural rate of healing is unusually fast.


Message History

The troll is severely wounded.
You block the troll's attack. The troll claws you!
* * * LOW HITPOINT WARNING * * *
The troll claws you.
* * * LOW HITPOINT WARNING * * *
You puncture the troll!
The troll is almost dead.
The troll bites you!
* * * LOW HITPOINT WARNING * * *
You block the troll's attack. x2
Drink which item? (? for menu, Esc to quit)
You feel better. The troll bites you.
* * * LOW HITPOINT WARNING * * *
You block the troll's attack. The troll barely misses you.
You closely miss the troll.
The troll is severely wounded.
The troll bites you!
* * * LOW HITPOINT WARNING * * *
The troll claws you!
You die...

#.# #.# #.#
#.#####(######.###
.).....[.........#
.....##.######...
#.##.##.######.# ##
#.##†##........# ..#
#.##.#####.###.###..#
..##.# #.# ##...#
#.##.# #.# ##@##
#.##.# #.# #T# #. #.#
### #T# #.# ..# #.##
#. .. #. ..


You could see 2 trolls.

Vanquished Creatures
  Pikel (D:5)
  The ghost of Sl000nik the Covert, an amateur KoAs of Makhleb (D:4)
  Eustachio (D:5)
  Edmund (D:6)
  4 slaves
  A sky beast (D:6)
  3 orc warriors
  A phantom (D:5)
  A necrophage (D:8)
  An ogre (D:8)
  3 giant frogs
  2 centaurs (D:8)
  2 scorpions
  A centaur zombie (D:6)
  An orc priest (D:9)
  4 orc wizards
  A jelly (D:6)
  4 hounds
  A giant frog skeleton (D:6)
  A centaur skeleton (D:8)
  2 crimson imps
  Terence (D:2)
  3 iguanas
  6 worker ants
  A worker ant zombie (D:8)
  8 adders
  A gnoll (D:5)
  2 oozes
  An adder zombie (D:6)
  3 worms (D:2)
  3 giant geckos
  14 orcs
  4 ball pythons
  4 giant cockroaches
  8 hobgoblins
  10 jackals
  8 kobolds
  2 quokkas
  5 bats
  A giant gecko skeleton (D:6)
  5 giant newts
  10 goblins
  A jackal zombie (D:5)
  A quokka zombie (D:5)
  A rat (D:3)
140 creatures vanquished.

Notes
Turn   | Place    | Note
--------------------------------------------------------------
     0 | D:1      | Urist the Hill Orc Fighter began the quest for the Orb.
     0 | D:1      | Reached XP level 1. HP: 19/19 MP: 1/1
   150 | D:1      | Reached XP level 2. HP: 21/27 MP: 2/2
   209 | D:1      | Reached skill level 4 in Fighting
   754 | D:2      | Reached XP level 3. HP: 33/33 MP: 3/3
   953 | D:2      | Noticed Terence
   962 | D:2      | Killed Terence
  1032 | D:2      | Reached XP level 4. HP: 34/41 MP: 4/4
  1507 | D:3      | Found a sparkling altar of Nemelex Xobeh.
  1612 | D:3      | Found a deep blue altar of Sif Muna.
  1613 | D:3      | Found a glowing silver altar of Zin.
  1617 | D:3      | Found a radiant altar of Vehumet.
  1621 | D:3      | Found an ancient bone altar of Kikubaaqudgha.
  1718 | D:3      | Found a faded altar to an unknown god.
  1837 | D:3      | Reached XP level 5. HP: 44/47 MP: 5/5
  2480 | D:4      | Noticed Sl000nik's ghost (amateur KoAs)
  2525 | D:4      | Killed Sl000nik's ghost
  2525 | D:4      | Reached skill level 5 in Fighting
  2525 | D:4      | Reached skill level 1 in Dodging
  2525 | D:4      | Reached XP level 6. HP: 36/56 MP: 6/6
  3170 | D:5      | Entered Level 5 of the Dungeon
  3383 | D:5      | Found a shimmering altar of Xom.
  3503 | D:5      | Reached XP level 7. HP: 28/61 MP: 7/7
  3622 | D:5      | Reached skill level 5 in Armour
  3622 | D:5      | Reached skill level 5 in Shields
  3862 | D:5      | Noticed Eustachio
  3878 | D:5      | Killed Eustachio
  3888 | D:5      | Found a stormy altar of Qazlal.
  4148 | D:6      | Noticed Edmund
  4159 | D:6      | Killed Edmund
  4159 | D:6      | Reached XP level 8. HP: 68/70 MP: 8/8
  4221 | D:6      | Gained mutation: You are resistant to hostile enchantments. [potion of mutation]
  4221 | D:6      | Gained mutation: Your natural rate of healing is unusually fast. [potion of mutation]
  4221 | D:6      | Gained mutation: Your mind is acute. (Int +2) [potion of mutation]
  4223 | D:6      | Found a shattered altar of Ashenzari.
  4308 | D:6      | Became a worshipper of Ashenzari the Shackled
  4471 | D:6      | Noticed Pikel
  4760 | D:6      | Reached skill level 6 in Fighting
  5385 | D:5      | Reached skill level 5 in Polearms
  5926 | D:5      | Killed Pikel
  5926 | D:5      | Reached skill level 7 in Armour
  5926 | D:5      | Reached XP level 9. HP: 51/78 MP: 9/9
  6098 | D:7      | Found a burning altar of Makhleb.
  6271 | D:8      | Found a glowing silver altar of Zin.
  6482 | D:8      | Reached * piety under Ashenzari
  6482 | D:8      | Found a staircase to the Lair.
  7140 | D:9      | Found a glowing golden altar of the Shining One.
  7154 | D:9      | Noticed an angel
  7159 | D:9      | Found a basalt altar of Yredelemnul.
  7161 | D:9      | Noticed a profane servitor
  7385 | D:9      | Slain by a troll

Action                   |  1- 3 |  4- 6 |  7- 9 || total
-------------------------+-------+-------+-------++-------
Melee: Trident           |   107 |   228 |   551 ||   886
Evoke: Deck              |       |     1 |       ||     1
       Wand              |       |       |     6 ||     6
  Use: Scroll            |     2 |     9 |    15 ||    26
       Potion            |     1 |       |    10 ||    11
  Eat: Beef jerky        |     1 |       |       ||     1
       Bread ration      |       |     2 |     1 ||     3
       Chunk             |       |     1 |     1 ||     2
       Meat ration       |       |       |     2 ||     2
